Map: Triton LE

Players

ViBE - Winner!

  • Race: Terran Terran
  • League: Diamond
  • Spawn Location: 5:00

Zeprox

  • Race: Terran Terran
  • League: Diamond
  • Spawn Location: 11:00

VOD

Have the link to the VOD?

Description

Time

  • Played on: Dec. 17, 2019, 9:52 p.m.
  • Length: 10:58
Show
View Real Time Build Order
Export as new Build Order

ViBE Terran - Winner!

Build Orders: Reaper Expand 

Get SALT Encoding   

  12  0:02  SCV  
  13  0:14  SCV  
  14  0:25  Supply Depot  
  14  0:26  SCV  
  15  0:47  SCV  
  15  0:48  Barracks  
  16  0:54  Refinery  
  16  0:59  SCV  
  17  1:11  SCV  
  18  1:23  SCV  
  19  1:35  Orbital Command  
  19  1:38  Command Center  
  19  1:40  Reaper  
  20  1:56  Supply Depot  
  20  2:01  SCV  
  21  2:13  SCV  
  21  2:17  Barracks Reactor  
  21  2:21  Barracks  
  21  2:25  SCV  
  22  2:34  Supply Depot  
  22  2:37  SCV  
  22  2:42  Factory  
  23  2:49  SCV  
  25  2:59  Orbital Command  
  25  3:00  Marine x2  
  25  3:01  SCV  
  27  3:06  Refinery  
  27  3:09  Barracks Tech Lab  
  27  3:13  SCV  
  28  3:20  Marine x2  
  28  3:25  SCV  
  31  3:27  Starport  
  31  3:30  Factory Tech Lab  
  31  3:32  SCV  
  32  3:37  SCV  
  33  3:44  SCV  
  33  3:45  Marine  
  33  3:46  Marine x2  
  37  3:50  SCV  
  37  3:56  SCV, Siege Tank  
  37  4:02  SCV  
  42  4:03  Supply Depot  
  42  4:05  Marine x2  
  42  4:06  Marine  
  42  4:08  SCV  
  46  4:10  Supply Depot  
  46  4:13  Stimpack  
  46  4:14  SCV  
  47  4:21  SCV  
  47  4:22  Supply Depot  
  48  4:26  SCV  
  48  4:31  Medivac  
  51  4:33  SCV  
  51  4:38  SCV  
  53  4:40  Marine x3  
  56  4:45  SCV  
  56  4:46  Refinery x2  
  56  4:50  SCV  
  58  4:57  Supply Depot  
  58  4:58  SCV, Marine x3, Siege Tank  
  65  5:02  SCV  
  66  5:16  Marine x3  
  66  5:21  Supply Depot x3  
  69  5:22  Medivac  
  69  5:23  SCV x2  
  73  5:35  SCV x2  
  75  5:42  Marine, Command Center  
  75  5:43  Marine x2  
  75  5:44  Siege Tank  
  81  5:52  Combat Shield  
  81  5:53  Starport Reactor  
  81  5:54  Engineering Bay  
  81  5:55  Engineering Bay  
  81  5:56  SCV  
  81  5:57  SCV  
  83  6:08  Marine x3  
  83  6:09  SCV x2  
  88  6:16  Siege Tank  
  88  6:18  Supply Depot  
  91  6:19  Supply Depot  
  91  6:23  Terran Infantry Weapons Level 1  
  91  6:24  SCV x2, Terran Infantry Armor Level 1  
  93  6:36  SCV  
  93  6:37  SCV, Marine x3  
  93  6:39  Medivac x2  
  102  6:43  Supply Depot  
  102  6:47  Armory  
  95  7:05  Marine x3  
  97  7:15  Orbital Command  
  97  7:17  SCV x2  
  99  7:23  Marine x3  
  99  7:24  Missile Turret  
  102  7:30  Siege Tank  
  105  7:39  SCV x2  
  105  7:41  Marine x2  
  109  7:48  Command Center  
  110  7:51  SCV  
  109  8:15  Marine x3  
  109  8:16  Medivac, Siege Tank  
  109  8:17  Medivac  
  119  8:25  Barracks x2  
  119  8:26  Barracks x2  
  119  8:33  Marine x2  
  115  8:41  Marine  
  109  8:43  SCV x3  
  109  8:46  Medivac  
  109  8:47  Medivac  
  113  8:48  Siege Tank  
  113  8:51  Marine x2  
  113  8:55  SCV x3  
  117  8:58  Marine  
  112  9:03  Command Center  
  112  9:07  SCV x2  
  112  9:09  Marine x2  
  116  9:12  Barracks Reactor x2  
  116  9:13  Barracks Reactor x2  
  116  9:16  Marine, Medivac  
  116  9:17  Medivac  
  120  9:20  Siege Tank  
  120  9:21  Factory  
  120  9:22  Barracks  
  122  9:25  Barracks  
  122  9:26  Marine  
  122  9:29  SCV x3  
  122  9:31  Marine  
  123  9:35  Refinery  
  123  9:36  Refinery  
  124  9:41  SCV x2  
  125  9:47  Planetary Fortress  
  125  9:48  SCV  
  125  9:53  SCV x2  
  125  9:58  Marine x11  
  125  9:59  Siege Tank  
  141  10:00  SCV  
  141  10:06  Supply Depot  
  141  10:07  Supply Depot  
  142  10:08  Factory Tech Lab  
  142  10:15  Barracks Reactor x2  
  142  10:16  Marine x2  
  142  10:21  Command Center  
  144  10:25  Marine x3  
  144  10:26  Marine x3  
  144  10:27  Marine  
  151  10:30  Marine  
  151  10:31  Marine  
  151  10:33  SCV x3, Marine  
  151  10:35  SCV  
  161  10:45  SCV  
Show
View Real Time Build Order
Export as new Build Order

Zeprox Terran 

Build Orders: Reaper Expand 

Get SALT Encoding   

  12  0:00  SCV  
  13  0:13  SCV  
  14  0:17  Supply Depot  
  14  0:25  SCV  
  15  0:38  SCV  
  15  0:39  Barracks  
  16  0:45  Refinery  
  16  0:50  SCV  
  17  1:03  SCV  
  18  1:15  SCV  
  19  1:28  Reaper, Orbital Command  
  20  1:40  Command Center  
  20  1:54  SCV  
  21  1:55  Supply Depot  
  21  2:00  Marine  
  22  2:07  Factory  
  22  2:09  SCV  
  23  2:21  SCV  
  24  2:23  Refinery  
  24  2:29  Barracks Reactor  
  24  2:33  SCV  
  25  2:45  SCV  
  26  2:57  Orbital Command  
  25  2:59  Factory Tech Lab  
  25  3:00  SCV  
  26  3:05  Marine  
  26  3:06  Marine  
  26  3:12  SCV, Starport  
  29  3:21  Widow Mine  
  29  3:24  SCV  
  29  3:26  Refinery  
  29  3:27  Marine x2  
  32  3:28  SCV  
  35  3:36  SCV  
  35  3:40  SCV  
  37  3:44  Siege Tank  
  40  3:48  SCV, Refinery  
  40  3:51  Starport Reactor  
  40  3:52  SCV  
  40  3:53  Marine  
  40  3:54  Marine  
  44  3:56  Supply Depot  
  44  3:58  Supply Depot  
  44  4:00  SCV  
  45  4:04  SCV  
  46  4:10  Barracks  
  46  4:12  Barracks  
  46  4:18  SCV x2  
  48  4:26  Supply Depot  
  48  4:28  Marine, Supply Depot  
  48  4:30  SCV x2, Stimpack  
  51  4:33  Medivac  
  53  4:42  SCV x2  
  55  4:46  Marine  
  56  4:53  Engineering Bay  
  56  4:54  SCV x2  
  56  4:58  Supply Depot  
  56  4:59  Factory Tech Lab, Barracks Tech Lab  
  58  5:03  Medivac  
  58  5:04  Marine  
  58  5:06  SCV x2  
  63  5:08  Supply Depot  
  63  5:16  Marine x2  
  63  5:17  Supply Depot  
  63  5:18  SCV x2  
  63  5:19  Siege Tank  
  63  5:21  Combat Shield, Marine  
  70  5:22  Marine  
  72  5:29  Supply Depot  
  72  5:30  SCV x2  
  74  5:39  Marine, Terran Infantry Weapons Level 1  
  74  5:40  Marine x2, Supply Depot  
  74  5:42  SCV x2  
  79  5:50  Marine  
  79  5:54  SCV x2  
  82  5:57  Marine  
  82  5:58  Marine x2  
  82  6:03  Widow Mine  
  82  6:04  Starport Tech Lab  
  87  6:06  SCV x2  
  87  6:07  Marine  
  87  6:09  Barracks  
  90  6:15  Marine  
  90  6:16  Marine x2  
  90  6:17  Engineering Bay  
  93  6:18  SCV x2  
  93  6:19  Armory  
  93  6:25  Marine, Supply Depot  
  95  6:28  Widow Mine  
  95  6:31  SCV x2  
  100  6:33  Marine  
  100  6:34  Marine x2  
  103  6:43  SCV x2, Marine  
  106  6:51  Marine x2  
  106  6:52  Marine  
  108  6:55  SCV x2  
  108  7:01  Marine  
  110  7:02  Siege Tank  
  110  7:07  SCV  
  110  7:08  SCV, Marine x3  
  116  7:09  Raven, Marine x2  
  123  7:19  Marine, SCV  
  123  7:20  SCV  
  118  7:26  Marine x3  
  118  7:27  Marine x2  
  113  7:31  SCV  
  113  7:34  Siege Tank  
  113  7:36  Marine, Command Center  
  117  7:40  Terran Infantry Weapons Level 2, Terran Infantry Armor Level 1  
  117  7:44  Marine  
  118  7:49  Marine x2  
  121  7:56  Marine x2  
  123  7:59  Marine  
  123  8:00  Medivac  
  123  8:02  SCV  
  123  8:04  Marine  
  126  8:28  Marine  
  126  8:30  Marine x3  
  126  8:31  SCV  
  126  8:32  Marine, Medivac, Marauder  
  126  8:33  Siege Tank  
  123  8:40  SCV  
  93  8:43  SCV  
  93  8:46  Marine  
  85  8:48  Marine x2, Marauder  
  85  8:49  Marine  
  85  8:52  SCV  
  85  8:53  Marine  
  65  9:01  SCV  
  51  9:04  Marine  
  51  9:05  Siege Tank  
  51  9:06  Marine x2  
  51  9:07  Marine  
  51  9:09  Marauder  
  57  9:10  SCV  
  57  9:11  Marine  
  55  9:21  SCV  
  55  9:22  Marine  
  55  9:23  Orbital Command  
  51  9:24  Marine x2  
  51  9:25  Marine  
  51  9:29  Marauder  
  51  9:30  Marine  
  49  9:37  Siege Tank  
  51  9:38  SCV x2  
  51  9:39  Marine  
  51  9:42  Marine x2  
  51  9:43  Marine  
  55  9:49  Marauder  
  55  9:50  Marine  
  55  9:52  SCV x3  
  61  9:56  Raven  
  61  9:57  Marine  
  61  9:59  Marine x2  
  64  10:01  Marine  
  64  10:04  SCV x2  
  69  10:09  Marine, Marauder  
  69  10:10  Barracks  
  69  10:11  SCV  
  79  10:15  Marine  
  79  10:16  SCV x2  
  79  10:17  Marine x2  
  79  10:18  Marine, Siege Tank  
  82  10:23  SCV  
  82  10:28  SCV, Marauder  
  85  10:29  Marine  
  85  10:33  Marine  
  85  10:35  Marine x2  
  88  10:36  Marine  
  91  10:46  Supply Depot  
Tags
 
Add a new tag
Caveats
  • Supply blocks, unpowered buildings, or Contaminate may cause inaccurate times.
  • Supply counts are checked every 10 seconds.